 Dungeon Crawl Stone Soup version 0.18-a0-1702-gd20c6a5 (webtiles) character file.

2570 4thArraOfDagon the Fighter (level 9, 0/133 HPs)
             Began as a Hill Orc Berserker on Apr 6, 2016.
             Was a Priest of Trog.
             Slain by Sonja
             ... wielding a +0 dagger of distortion
              (10 damage)
             ... on level 13 of the Dungeon.
             The game lasted 00:06:58 (1517 turns).

4thArraOfDagon the Fighter (Hill Orc Berserker)     Turns: 1517, Time: 00:06:59

Health: 0/133      AC: 24    Str: 20 (21) XL:     9   Next: 57%
Magic:  0/9        EV:  2    Int:  6 (7)  God:    Trog [***...]
Gold:   169        SH:  0    Dex: 14 (15) Spells: 0 memorised, 8 levels left

rFire  . . .     SeeInvis .     u - +0 war axe
rCold  . . .     Gourm    .     (armour currently unavailable)
rNeg   + + +     Faith    .     (no shield)
rPois  +         Spirit   +     (helmet currently unavailable)
rElec  .         Dismiss  .     (cloak currently unavailable)
rCorr  .         Reflect  .     (gloves currently unavailable)
SustAt .         Harm     .     (boots currently unavailable)
MR     ++...     Clarity  +     s - amulet of guardian spirit
Stlth  ++........ NoTele   +    (no ring)
                                m - ring of flight

@: agile, lethally poisoned (0 -> 0), tree-form, very slightly contaminated,
regenerating, very resistant to hostile enchantments, unstealthy
A: (talons 0), blurry vision 1, clarity, deterioration 1, (fire resistance 0),
weak 1
a: Berserk, Trog's Hand, Burn Spellbooks, Renounce Religion


You were on level 13 of the Dungeon.
You worshipped Trog.
Trog was most pleased with you.
You were not hungry.
You were a tree.
You visited 1 branch of the dungeon, and saw 12 of its levels.

You collected 244 gold pieces.
You spent 75 gold pieces at shops.

Inventory:

Hand Weapons
 u - a +0 war axe (weapon)
Armour
 e - a +0 chain mail
 i - a +0 cloak (melded)
 j - a +0 pair of boots (melded)
 o - the +3 leather armour "Jeorch" (melded) {-Tele +Inv rPois Regen+}
   (You found it on level 4 of the Dungeon)

   It protects you from poison.
   It lets you turn invisible.
   It prevents most forms of teleportation.
   It increases your rate of regeneration.
Jewellery
 m - a ring of flight (left branch)
 s - an amulet of guardian spirit (around neck)
Wands
 r - a wand of lightning (4/15)
 y - a wand of iceblast (1/15)
Scrolls
 a - a scroll of noise {unknown}
 b - 5 scrolls of identify {unknown}
 d - a scroll of blinking {unknown}
 n - a scroll of immolation
 w - 2 scrolls of recharging {unknown}
 A - a scroll of random uselessness {unknown}
 C - a scroll of torment {unknown}
 D - a scroll of enchant weapon {unknown}
 F - a scroll of fog {unknown}
 G - a scroll of silence {unknown}
Potions
 f - a potion of degeneration {unknown}
 g - 3 potions of agility
 h - a potion of resistance {unknown}
 k - a potion of haste
 q - a potion of ambrosia {unknown}
 t - a potion of lignification
 z - a potion of curing {unknown}
Books
 p - a book of Flames

   Spells                             Type                      Level
   a - Flame Tongue                   Conjuration/Fire             1
   b - Throw Flame                    Conjuration/Fire             2
   c - Conjure Flame                  Conjuration/Fire             3
   d - Inner Flame                    Hexes/Fire                   3
   e - Sticky Flame                   Conjuration/Fire             4
   f - Fireball                       Conjuration/Fire             5
   Trog disapproves of the use of such an item.
 v - a Necronomicon

   Spells                             Type                      Level
   a - Haunt                          Necromancy/Summoning         7
   b - Borgnjor's Revivification      Necromancy                   8
   c - Death's Door                   Charms/Necromancy            8
   d - Necromutation                  Transmutation/Necromancy     8
   Trog disapproves of the use of such an item.
Comestibles
 c - 3 bread rations
 x - a chunk of flesh
 B - a meat ration
 E - 5 fruits


   Skills:
 + Level 11.1 Fighting
 - Level 4.0 Axes
 + Level 10.0 Armour
 - Level 1.5 Dodging


You had 8 spell levels left.
You didn't know any spells.

Dungeon Overview and Level Annotations

Branches:
Dungeon (13/15)            Temple (0/1) D:5
   Lair: D:8-11         Orc: D:9-12      Vaults: D:13-14

Altars:
Nemelex Xobeh

Shops:
D:8 *

Annotations:
D:13 Sonja


Innate Abilities, Weirdness & Mutations

((You have sharp toenails.))
Scrolls take you a little longer to read.
You possess an exceptional clarity of mind.
Your body sometimes deteriorates upon taking damage.
((Your flesh is heat resistant.))
You are weak. (Str -2)


Message History

Unknown command.
Unknown command.
Unknown command.
Unknown command.
Drink which item? (? for menu, Esc to quit)
It was a potion of lignification.
You turn into a tree.
Your +0 cloak melds into your body.
Your +0 pair of boots melds into your body.
The +3 leather armour "Jeorch" {-Tele +Inv rPois Regen+} melds into your body.
Your roots penetrate the ground.
The giant frog hits you.
* * * LOW HITPOINT WARNING * * *
Sonja zaps a wand.
You resist with almost no effort. The giant frog barely misses you.
Unknown command.
You closely miss Sonja. You closely miss the giant frog.
The giant frog is moderately wounded.
You feel sick. Sonja hits you but does no damage. Space bends around you.
* * * LOW HITPOINT WARNING * * *
Sonja hits you but does no damage. Space warps horribly around you!
You die...

...........#
#..######..# #..
(..........#####..#
#..# #..
..................#
#.... ...
%.....§...........#
#..... ...
..........(#####..#
#..#### ..
..........(# #..#
#..# ...........#
#p.# #..#
.......(...# #FK#
...........# #♣.#
############ ####


You could see a human shaped shifter, Sonja and a giant frog.

Vanquished Creatures
  A water elemental (D:12)
  9 yaks (D:12)
  A wyvern (D:9)
  A hippogriff (D:12)
  2 sky beasts (D:11)
  A wyvern zombie (D:12)
  3 wights (D:7)
  An electric eel (D:12)
  A crimson imp (D:11)
  A giant frog zombie (D:5)
  2 hounds (D:5)
  2 giant frog skeletons
  5 orc wizards
  An iguana (D:12)
  2 worker ants
  5 adders
  An ooze (D:5)
  A worm (D:2)
  4 dart slugs
  7 orcs
  2 bats (D:1)
  2 giant cockroaches
  A goblin (D:2)
  3 hobgoblins (D:1)
  4 jackals (D:5)
  2 kobolds
  2 rats (D:1)
67 creatures vanquished.

Notes
Turn   | Place    | Note
--------------------------------------------------------------
     0 | D:1      | 4thArraOfDagon the Hill Orc Berserker began the quest for the Orb.
     0 | D:1      | Reached XP level 1. HP: 19/19 MP: 1/1
     6 | D:1      | 1d1 dmg hilaarrious
    67 | D:1      | Reached XP level 2. HP: 15/27 MP: 2/2
   113 | D:1      | Reached skill level 4 in Fighting
   257 | D:2      | Reached XP level 3. HP: 20/33 MP: 3/3
   287 | D:2      | Found a faded altar to an unknown god.
   450 | D:4      | Got a slimy leather armour
   461 | D:4      | Identified the +3 leather armour "Jeorch" {-Tele +Inv rPois Regen+} (You found it on level 4 of the Dungeon)
   487 | D:5      | Entered Level 5 of the Dungeon
   492 | D:5      | Found a staircase to the Ecumenical Temple.
   507 | D:5      | Reached XP level 4. HP: 41/41 MP: 4/4
   508 | D:5      | Reached skill level 5 in Fighting
   509 | D:5      | Reached XP level 5. HP: 48/48 MP: 5/5
   557 | D:4      | Reached ** piety under Trog
   602 | D:5      | Noticed an ice beast
   704 | D:6      | Found a sparkling altar of Nemelex Xobeh.
   730 | D:7      | Reached skill level 5 in Armour
   734 | D:7      | Reached skill level 6 in Fighting
   734 | D:7      | Reached XP level 6. HP: 57/57 MP: 6/6
   755 | D:7      | Noticed an ice beast
   811 | D:8      | Found Mur Dyhe's Assorted Antiques.
   820 | D:8      | Bought an emerald potion for 25 gold pieces
   820 | D:8      | Bought an emerald potion for 25 gold pieces
   820 | D:8      | Bought an emerald potion for 25 gold pieces
   969 | D:9      | Noticed a wyvern
   982 | D:9      | Killed a wyvern
   982 | D:9      | Reached skill level 7 in Fighting
   982 | D:9      | Reached XP level 7. HP: 66/66 MP: 7/7
  1067 | D:9      | You fall through a shaft for 2 floors!
  1092 | D:11     | Gained mutation: Scrolls take you a little longer to read. [mutagenic meat]
  1093 | D:11     | Gained mutation: You possess an exceptional clarity of mind. [mutagenic meat]
  1094 | D:11     | Gained mutation: Your body sometimes deteriorates upon taking damage. [mutagenic meat]
  1095 | D:11     | Gained mutation: Your flesh is heat resistant. [mutagenic meat]
  1096 | D:11     | Gained mutation: You have sharp toenails. [mutagenic meat]
  1097 | D:11     | Gained mutation: You are weak. (Str -2) [mutagenic meat]
  1149 | D:11     | Reached skill level 8 in Fighting
  1187 | D:12     | Noticed a yak
  1187 | D:12     | Noticed a yak
  1187 | D:12     | Noticed a yak
  1187 | D:12     | Noticed a water elemental
  1189 | D:12     | Noticed a hippogriff
  1199 | D:12     | Killed a yak
  1199 | D:12     | Reached XP level 8. HP: 64/75 MP: 5/8
  1200 | D:12     | Killed a yak
  1201 | D:12     | Reached skill level 9 in Fighting
  1205 | D:12     | Killed a water elemental
  1208 | D:12     | Killed a yak
  1259 | D:12     | Noticed a yak
  1260 | D:12     | Noticed a yak
  1260 | D:12     | Noticed a yak
  1260 | D:12     | Noticed a yak
  1261 | D:12     | Noticed a yak
  1261 | D:12     | Noticed a yak
  1265 | D:12     | Killed a yak
  1265 | D:12     | Reached skill level 10 in Fighting
  1265 | D:12     | Reached XP level 9. HP: 85/85 MP: 6/9
  1274 | D:12     | Reached skill level 11 in Fighting
  1392 | D:12     | Reached *** piety under Trog
  1405 | D:12     | Reached skill level 10 in Armour
  1446 | D:13     | Noticed Sonja
  1446 | D:13     | Noticed a komodo dragon
  1455 | D:13     | a komodo dragon changed into an eye of draining
  1517 | D:13     | Slain by Sonja

Vault maps used:
D:1:      minmay_arrival_radiant_lines, hangedman_decor_points,
          minmay_misc_feat_x, minmay_bisected
D:2:      ecumenical_altar_1
D:3:      first_bread, makhleb_blood_cavern_becter
D:5:      temple_pool_b
D:6:      cheibrodos_ashenzari_chains, basic_altar
D:7:      nicolae_overflow_hidden_temple, hangedman_decor_riveting
D:8:      serial_shops, shop, uniq_pikel
D:9:      orc_0_dummy
D:11:     david_lair_shrubbed
D:13:     grunt_vaults_entry_fortified, uniq_sonja

Skill      XL: |  1  2  3  4  5  6  7  8  9 |
---------------+----------------------------+-----
Fighting       | 4 5 6 7 8 10 11 | 11.1
Armour         | 3 4 5 6 7 8 10 | 10.0
Axes           | |  4.0
Dodging        | |  1.5

Action                   |  1- 3 |  4- 6 |  7- 9 || total
-------------------------+-------+-------+-------++-------
Melee: Hand axe          |    73 |     4 |       ||    77
       War axe           |       |    66 |    88 ||   154
Invok: Berserk           |     3 |     2 |     4 ||     9
       Trog's Hand       |       |       |     1 ||     1
Evoke: Wand              |       |       |     2 ||     2
  Use: Scroll            |       |       |     2 ||     2
       Potion            |       |       |     3 ||     3
  Eat: Chunk             |     1 |     3 |    12 ||    16
       Beef jerky        |       |       |     1 ||     1
